 Dungeon Crawl Stone Soup version 0.29.0-13-gc9e81de378 (webtiles) character file.

Game seed: 16498638832170299088

137 mora the Sneak (level 5, -7/33 HPs)
             Began as an Octopode Hedge Wizard on Sept 9, 2022.
             Blown up by Ijyb (16 damage)
             ... with a mindburst bolt
             ... on level 3 of the Dungeon.
             The game lasted 00:03:14 (3688 turns).

mora the Sneak (Octopode Hedge Wizard)              Turns: 3688, Time: 00:03:15

Health: -7/33      AC:  2    Str:  9    XL:     5   Next: 20%
Magic:  5/9        EV: 13    Int: 19    God:
Gold:   60         SH:  0    Dex: 11    Spells: 4/10 levels left

rFire   . . .      SeeInvis .   a - +0 dagger
rCold   . . .      Faith    .   (no shield)
rNeg    . . .      Spirit   .   b - +1 hat
rPois   .          Reflect  .   e - amulet of magic regeneration
rElec   .          Harm     .   (no ring)
rCorr   .          Rampage  .   (no ring)
Will    .....                   (no ring)
Stlth   +++.......              (no ring)
HPRegen 0.11/turn               (no ring)
MPRegen 0.51/turn               (no ring)
                                (no ring)
                                (no ring)

@: very slightly contaminated
A: almost no armour, amphibious, 8 rings, camouflage 1, gelatinous body 1,
(nimble swimmer 1), tentacles
a: no special abilities


You were on level 3 of the Dungeon.
You visited 1 branch of the dungeon, and saw 3 of its levels.

You collected 60 gold pieces.

Inventory:

Hand Weapons
 a - a +0 dagger (weapon)
Armour
 b - a +1 hat (worn)
Jewellery
 e - an amulet of magic regeneration (around mantle)
Scrolls
 f - a scroll of blinking {unknown}
Potions
 d - a potion of ambrosia
 j - 3 potions of magic
 k - a potion of invisibility {unknown}
 l - a potion of heal wounds {unknown}


   Skills:
 + Level 1.5 Fighting
 + Level 2.5 Dodging
 + Level 3.7 Stealth
 + Level 3.3 Spellcasting
 + Level 2.1 Conjurations
 + Level 2.0 Summonings
 + Level 1.8 Translocations


You had 4 spell levels left.
You knew the following spells:

 Your Spells              Type           Power      Damage    Failure   Level
a - Magic Dart            Conj           44%        1d5       6%          1
b - Call Imp              Summ           10%        N/A       10%         2
c - Blink                 Tloc           20%        N/A       11%         2
d - Slow                  Hex            12%        N/A       16%         1

Your spell library contained the following spells:

 Spells                   Type           Power      Damage    Failure   Level
 Conjure Flame            Conj/Fire      7%         6-21      28%         3
 Mephitic Cloud           Conj/Pois/Air  5%         N/A       32%         3


Dungeon Overview and Level Annotations

Branches:
Dungeon (3/15)

Altars:
Kikubaaqudgha

Shops:
D:1 [

Annotations:
D:3 Ijyb


Innate Abilities, Weirdness & Mutations

You cannot wear most types of armour.
You are amphibious.
You can wear up to eight rings at the same time.
Your skin changes colour to match your surroundings (Stealth+).
Your rubbery body absorbs attacks. (AC +1, EV +1)
((You are camouflaged when in or above water. (Stealth+)))
You have tentacles for arms and can constrict up to eight enemies at once.


Message History

Confirm with . or Enter, or press ? or * to list all spells.
Aiming: Magic Dart (safe; 6% risk of failure)
Press: ? - help, Shift-Dir - straight line, f/p - Ijyb
Aim: Ijyb, wielding a +0 club, wearing a +1 scale mail of cold resistance and carrying a wand of mindburst (9) (lightly wounded, fast, 100% to hit)
The magic dart hits Ijyb but does no damage.
Ijyb is lightly wounded.
Casting: Magic Dart (safe; 6% risk of failure)
Confirm with . or Enter, or press ? or * to list all spells.
Aiming: Magic Dart (safe; 6% risk of failure)
Press: ? - help, Shift-Dir - straight line, f/p - Ijyb
Aim: Ijyb, wielding a +0 club, wearing a +1 scale mail of cold resistance and carrying a wand of mindburst (9) (lightly wounded, fast, 100% to hit)
The magic dart hits Ijyb but does no damage.
Ijyb is lightly wounded.
Casting: Magic Dart (safe; 6% risk of failure)
Confirm with . or Enter, or press ? or * to list all spells.
Aiming: Magic Dart (safe; 6% risk of failure)
Press: ? - help, Shift-Dir - straight line, f/p - Ijyb
Aim: Ijyb, wielding a +0 club, wearing a +1 scale mail of cold resistance and carrying a wand of mindburst (9) (lightly wounded, fast, 100% to hit)
The magic dart hits Ijyb.
Ijyb is moderately wounded.
Ijyb zaps a wand.
Your mind is blasted!
* * * LOW HITPOINT WARNING * * *
Ijyb misses you.
Casting: Magic Dart (safe; 6% risk of failure)
Confirm with . or Enter, or press ? or * to list all spells.
Aiming: Magic Dart (safe; 6% risk of failure)
Press: ? - help, Shift-Dir - straight line, f/p - Ijyb
Aim: Ijyb, wielding a +0 club, wearing a +1 scale mail of cold resistance and carrying a wand of mindburst (8) (moderately wounded, fast, 100% to hit)
The magic dart hits Ijyb but does no damage.
Ijyb is moderately wounded.
Ijyb barely misses you.
Casting: Magic Dart (safe; 6% risk of failure)
Confirm with . or Enter, or press ? or * to list all spells.
Aiming: Magic Dart (safe; 6% risk of failure)
Press: ? - help, Shift-Dir - straight line, f/p - Ijyb
Aim: Ijyb, wielding a +0 club, wearing a +1 scale mail of cold resistance and carrying a wand of mindburst (8) (moderately wounded, fast, 100% to hit)
The magic dart hits Ijyb but does no damage.
Ijyb is moderately wounded.
Ijyb barely misses you.
Ijyb zaps a wand.
Your mind is blasted!
You die...

*............########
*.......>....+.......
*,...........#####...
#.,.,...#+##.........
#...###.#..........##
***#.................
#.##.####.......##
###.##.# #.......#
#..@...# #.......#
#.#g#### ##########
#,#$.,* #. ***,###.*
*********#.
*,,,,,,!#***,,,,,,,,#.
*,,,,,,,.,,,,,,,,,,,#.
*,,,,,,,..,,,,,,,,,,#.
*,,,,,,,,..,,,,,,,,,#.
*,,,,,,*****,,,,,,,,#)


You could see Ijyb (fast).

Vanquished Creatures
  2 orc wizards (D:3)
  A gnoll (D:1)
  2 adders
  A dart slug (D:2)
  8 orcs
  3 bats
  6 endoplasms
  2 giant cockroaches
  3 hobgoblins
  A quokka (D:2)
  4 ball pythons
  3 frilled lizards
  4 goblins
  4 kobolds
  6 rats
  A spectral hobgoblin (D:2)
51 creatures vanquished.

Notes
Turn   | Place    | Note
-------+----------+-------------------------------------------
     0 | D:1      | mora the Octopode Hedge Wizard began the quest for the Orb.
     0 | D:1      | Reached XP level 1. HP: 11/11 MP: 4/4
   249 | D:1      | Reached XP level 2. HP: 6/18 MP: 3/6
   462 | D:1      | Found Wouliaro's Armour Emporium.
  1161 | D:2      | Reached XP level 3. HP: 22/22 MP: 5/7
  1570 | D:2      | Reached skill level 1 in Fighting
  1592 | D:2      | Learned a level 2 spell: Call Imp
  1595 | D:2      | Learned a level 2 spell: Blink
  1597 | D:2      | Learned a level 1 spell: Slow
  1636 | D:2      | Found a faded altar of an unknown god.
  1807 | D:2      | Found an ancient bone altar of Kikubaaqudgha.
  2159 | D:2      | Reached XP level 4. HP: 24/28 MP: 3/8
  2597 | D:2      | HP: 1/28 [orc/+0 dagger (4)]
  3471 | D:3      | Reached XP level 5. HP: 16/33 MP: 1/9
  3680 | D:3      | Noticed Ijyb
  3688 | D:3      | Blown up by Ijyb

Illustrated notes

Levels and vault maps discovered:
D:1:      dpeg_arrival_pits, layout_basic, serial_shops, shop_statue,
          chequers_serial_rivers_room_a, minmay_pentomino_v2
D:2:      layout_basic, dreamdust_ecumenical_altar_drowned_temple, basic_altar
D:3:      minmay_razor_zed, layout_basic, uniq_ijyb

Skill      XL: |  1  2  3  4 |
---------------+-------------+-----
Stealth        | 3 |  3.7
Fighting       | 1 |  1.5
Conjurations   | 2 |  2.1
Summonings     | 2 |  2.0
Dodging        | |  2.5
Spellcasting   | |  3.3
Translocations | |  1.8

Action                   |  1- 3 |  4- 6 || total
-------------------------+-------+-------++-------
Melee: Dagger            |    11 |    10 ||    21
       Constrict         |     3 |     3 ||     6
       Tentacles         |     3 |     1 ||     4
 Cast: Magic Dart        |   107 |    80 ||   187
       Call Imp          |       |     3 ||     3
  Use: Scroll            |       |     5 ||     5
       Potion            |       |     2 ||     2
Armor: Skin              |     4 |     7 ||    11
Dodge: Dodged            |    29 |    29 ||    58
